 Dungeon Crawl Stone Soup version 0.21.0 (console) character file.

249877 Kloppie the Hoplite (level 18, -14/172 HPs)
             Began as a Minotaur Berserker on Jan 6, 2018.
             Was the Champion of Trog.
             Demolished by a vault warden
             ... wielding a +0 great sword
              (52 damage)
             ... on level 3 of the Vaults on Jan 7, 2018.
             The game lasted 01:13:57 (34399 turns).

Kloppie the Hoplite (Minotaur Berserker)           Turns: 34399, Time: 01:13:58

Health: -14/172    AC: 25    Str: 30    XL:     18   Next: 89%
Magic:  17/17      EV: 15    Int:  4    God:    Trog [******]
Gold:   840        SH: 25    Dex: 10    Spells: 17/17 levels left

rFire    . . .     SeeInvis .   a - +8 autumn katana {slice, Clar}
rCold    . . .     Gourm    .   x - +0 large shield
rNeg     . . .     Faith    +   H - +0 storm dragon scales
rPois    .         Spirit   .   (helmet restricted)
rElec    +         Reflect  .   R - scarf {repulsion}
rCorr    .         Harm     .   p - +2 pair of gloves
MR       +....     Clarity  +   v - +2 pair of boots {run}
Stlth    ..........             g - amulet of faith
HPRegen  0.38/turn              J - +3 ring of slaying
MPRegen  0.15/turn              z - +4 ring of evasion

@: flayed, repel missiles, quick
A: retaliatory headbutt, horns 2
}: 2/15 runes: barnacled, gossamer
a: Berserk, Trog's Hand, Brothers in Arms, Burn Spellbooks, Renounce Religion


You were on level 3 of the Vaults.
You worshipped Trog.
Trog was exalted by your worship.
You were not hungry.

You visited 6 branches of the dungeon, and saw 34 of its levels.
You also visited: Ice Cave and Volcano.

You collected 3565 gold pieces.
You spent 2725 gold pieces at shops.

Inventory:

Hand Weapons
 a - the +8 autumn katana (weapon) {slice, Clar}
   (You bought it in a shop on level 2 of the Vaults)

   It inflicts extra damage upon your enemies.
   It protects you against confusion.
 b - a +4 scimitar of flaming
 y - a +2 triple sword of protection
 F - a +1 great sword of flaming
 U - a +9 antimagic demon blade
Armour
 p - a +2 pair of gloves (worn)
 v - a +2 pair of boots of running (worn)
 x - a +0 large shield (worn)
 H - +0 storm dragon scales (worn)
 R - a scarf of repulsion (worn)
Jewellery
 g - an amulet of faith (around neck)
 n - an uncursed ring of resist corrosion
 z - a +4 ring of evasion (right hand)
 B - an uncursed ring of protection from magic
 J - a +3 ring of slaying (left hand)
 N - an uncursed ring of poison resistance
 O - an uncursed ring of protection from fire
 P - an uncursed ring of protection from cold
 V - a +4 amulet of reflection
Wands
 e - a wand of paralysis (44)
 t - a wand of acid (31)
 A - a wand of polymorph (16)
 E - a wand of flame (17)
 K - a wand of digging (14)
Scrolls
 h - 6 scrolls of remove curse
 k - 3 scrolls of enchant weapon
 o - 4 scrolls of blinking
 r - 15 scrolls of teleportation
 u - 7 scrolls of enchant armour
 w - 11 scrolls of identify
 C - 5 scrolls of fog
 G - a scroll of brand weapon
 I - 2 scrolls of acquirement
 L - 7 scrolls of fear
 T - 3 scrolls of magic mapping
Potions
 f - 2 potions of haste
 i - 6 potions of mutation
 j - 8 potions of curing
 l - 4 potions of flight
 m - 2 potions of invisibility
 q - 2 potions of might
 s - 6 potions of lignification
 D - 4 potions of resistance
 M - 3 potions of agility
 Q - 2 potions of cancellation
 S - a potion of heal wounds
 W - a potion of brilliance
Comestibles
 c - 54 rations


   Skills:
 + Level 18.2 Fighting
 - Level 20.0 Long Blades
   Level 7.0 Maces & Flails
 + Level 16.8 Armour
 - Level 6.3 Dodging
 - Level 21.6 Shields


You had 17 spell levels left.
You didn't know any spells.

Dungeon Overview and Level Annotations

Branches:
Dungeon (15/15)            Temple (0/1) D:5            Lair (6/6) D:10
 Shoals (4/4) Lair:4       Spider (4/4) Lair:2        Slime (0/5) Lair:5
    Orc (2/2) D:12            Elf (0/3) Orc:2        Vaults (3/5) D:13
 Depths (0/5) D:15
  Crypt: Vaults:2-3

Altars:
Ashenzari
Kikubaaqudgha
Nemelex Xobeh
Qazlal
Trog
Vehumet
Xom
Yredelemnul
Zin
The Shining One
Beogh

Shops:
D:12 (   D:14 *   Orc:2 :}(?   Shoals:4 ?*}   Vaults:2 (


Innate Abilities, Weirdness & Mutations

You reflexively headbutt those who attack you in melee.
You have a pair of horns on your head.


Message History

The ironbrand convoker is moderately wounded.
You kill the ironheart preserver!
Trog accepts your kill.
Trog appreciates your killing of a magic user.
Your cyclops hits the ironheart preserver!!!
The ironheart preserver dies!
Trog accepts your kill.
Trog appreciates your killing of a magic user.
The orc warrior barely misses you. You block the vault warden's attack.
You slash the ironbrand convoker!
The ironbrand convoker is heavily wounded.
You block the ironbrand convoker's attack.
Your cyclops rages.
You carve the ironbrand convoker like a ham!!!
You kill the ironbrand convoker!
Trog accepts your kill.
Trog appreciates your killing of a magic user.
You block the orc warrior's attack.
Your cyclops hits the vault warden!!
The vault warden hits you with a great sword!!!
You die...

#........# #......#
#........# #......#
#...<....# #......#
#........# #......#
#........# #..(...#
#........# #......#
#########+########).....##
#...............C)o.......
#.^.............@pW.......
#................)...#####
#.......#+##+#####...#
#.......#........#...+
#.......#........#...#
#.......#........+...#
#.......#........#...#
#.......#........ .#
.......#........


You could see a vault warden, a flayed ghost, an orc warrior and a friendly
cyclops (berserk).

Vanquished Creatures
  Bai Suzhen (Vaults:2)
  Nikola (Shoals:1)
  Rupert (D:15)
  Arachne (Spider:4)
  Jorgrun (Spider:2)
  Frances (D:13)
  Agnes (Spider:2)
  Kirke (D:15)
  A storm dragon (D:12)
  2 fire giants
  2 emperor scorpions
  A frost giant (IceCv)
  3 ghost moths (Spider:4)
  3 entropy weavers
  3 stone giants
  A vampire knight (D:12)
  4 ironheart preservers
  Nessos (D:12)
  3 spark wasps
  6 dire elephants (Lair:6)
  3 merfolk javelineers (Shoals:4)
  2 minotaurs (D:14)
  6 merfolk impalers (Shoals:4)
  A fire dragon (Vaults:2)
  Fannar (Lair:1)
  2 hydras
  2 yaktaur captains
  A rakshasa (D:15)
  An ice dragon (Vaults:1)
  2 catoblepae
  A merfolk avatar (Shoals:4)
  An anaconda (Lair:6)
  7 centaur warriors
  13 two-headed ogres
  2 merfolk aquamancers (Shoals:4)
  Erica (Lair:2)
  A death knight (D:13)
  11 death yaks
  8 ogre magi
  A tengu warrior (D:15)
  A vampire mage (D:15)
  2 alligator snapping turtles (Shoals:4)
  Urug (D:12)
  The ghost of Meriano the Thaumaturge, a novice HuCj of Sif Muna (D:9)
  Nergalle (D:12)
  An orc high priest (Orc:2)
  A fire crab (shapeshifter) (Vaults:2)
  11 skeletal warriors
  An unseen horror (D:11)
  7 sea snakes (Shoals:4)
  A flayed ghost (Vaults:1)
  A kraken simulacrum (Shoals:4)
  5 wizards
  6 ironbrand convokers
  6 harpies
  2 necromancers
  A wolf spider zombie (D:14)
  13 orb spiders
  A phantasmal warrior (D:13)
  5 orc knights
  21 ugly things
  An anaconda skeleton (Volcano)
  3 deep elf magi
  28 wolf spiders
  3 oklob plants
  5 manticores
  A stone giant zombie (D:15)
  5 cyclopes
  10 orc sorcerers
  Maurice (D:11)
  An iron dragon skeleton (D:15)
  4 moths of wrath
  4 merfolk sirens
  9 elephants
  An ice statue (IceCv)
  A stone giant skeleton (D:15)
  4 black mambas
  A fire giant skeleton (D:15)
  6 gargoyles
  3 vault sentinels
  13 spiny frogs
  A rime drake (shapeshifter) (Vaults:1)
  2 water nymphs
  A torpor snail (Spider:3)
  19 yaktaurs
  An efreet (D:15)
  A freezing wraith (D:14)
  6 komodo dragons
  4 demonic crawlers
  A kobold demonologist (D:12)
  A queen bee (Lair:3)
  A harpy zombie (D:15)
  A redback zombie (D:15)
  12 merfolk
  3 meliai (Spider:3)
  A tengu conjurer (D:14)
  16 jumping spiders
  A meliai (shapeshifter) (D:11)
  8 trolls
  16 polar bears
  A harpy skeleton (Volcano)
  4 wind drakes
  Grinder (D:6)
  4 blink frogs
  10 hornets
  2 dream sheep
  11 hippogriffs
  5 slime creatures
  9 snapping turtles
  3 flying skulls (Volcano)
  2 wraiths (D:13)
  Sigmund (D:2)
  75 redbacks
  12 tarantellas
  5 wyverns
  5 water elementals
  7 basilisks
  Grum (Lair:1)
  83 yaks
  3 hogs
  5 hungry ghosts
  15 humans
  A redback simulacrum (D:15)
  Menkaure (D:4)
  4 vampire mosquitoes (D:14)
  4 acid dragons
  3 wargs
  9 water moccasins
  8 porcupines
  12 ice beasts
  19 orc warriors
  5 black bears
  4 phantoms
  A boggart (Vaults:1)
  2 necrophages
  5 sky beasts
  32 ogres
  27 wolves
  11 centaurs
  2 human skeletons (Vaults:1)
  12 crocodiles
  A yaktaur zombie (Vaults:1)
  3 big kobolds
  Blork the orc (D:5)
  10 bullfrogs
  An ogre simulacrum (Vaults:1)
  A yaktaur skeleton (Vaults:1)
  2 water moccasin zombies
  2 wyvern skeletons (D:14)
  2 scorpions
  2 human simulacra (Vaults:1)
  24 killer bees (Lair:3)
  A spriggan skeleton (Volcano)
  A troll skeleton (Volcano)
  12 wights
  6 electric eels (Lair:2)
  A howler monkey (D:13)
  11 hounds
  3 centaur zombies
  3 crimson imps
  3 bullfrog zombies
  2 quasits
  5 jellies
  9 orc priests
  A yaktaur simulacrum (Vaults:1)
  3 bullfrog skeletons
  7 centaur skeletons
  32 orc wizards
  Jessica (D:2)
  4 iguanas
  8 worker ants
  4 hell rats (Lair:3)
  A naga skeleton (Volcano)
  3 hound skeletons
  2 howler monkey zombies
  2 worker ant zombies
  12 gnolls
  A howler monkey skeleton (D:4)
  15 adders
  7 river rats (Lair:3)
  8 shadow imps
  3 oozes
  5 adder skeletons
  3 worms
  5 dart slugs
  3 leopard geckos
  72 orcs
  A bat zombie (D:2)
  7 giant cockroaches
  8 goblins
  4 hobgoblins (D:2)
  18 jackals
  2 quokkas
  2 ball pythons
  4 bats
  2 frilled lizards
  14 kobolds
  A leopard gecko skeleton (D:7)
  A leopard gecko zombie (D:5)
  A quokka zombie (D:5)
  9 rats
  A rat zombie (D:2)
  A fungus (Lair:2)
  2 plants (Lair:6)
  A withered plant (D:15)
1207 creatures vanquished.

Vanquished Creatures (collateral kills)
  An ironheart preserver (Vaults:3)
  A hydra (D:12)
  An orc knight (D:13)
  A cyclops (D:12)
  2 humans (D:13)
  A bullfrog (D:13)
7 creatures vanquished.

Vanquished Creatures (others)
  A tengu conjurer (D:15)
  A jumping spider (Spider:3)
  2 wolves (Lair:5)
  2 gnolls (D:14)
  2 fungi (Lair:5)
  8 plants
  8 tentacles (Shoals:4)
  4 withered plants (D:15)
28 creatures vanquished.

Grand Total: 1242 creatures vanquished

Notes
Turn   | Place    | Note
-------+----------+-------------------------------------------
     0 | D:1      | Kloppie the Minotaur Berserker began the quest for the Orb.
     0 | D:1      | Reached XP level 1. HP: 19/19 MP: 0/0
   369 | D:1      | Reached XP level 2. HP: 27/27 MP: 1/1
   740 | D:2      | Noticed Jessica
   742 | D:2      | Reached XP level 3. HP: 17/34 MP: 2/2
   746 | D:2      | Killed Jessica
   746 | D:2      | Reached ** piety under Trog
   852 | D:2      | Noticed Sigmund
   872 | D:2      | Killed Sigmund
   872 | D:2      | Reached XP level 4. HP: 42/44 MP: 3/3
   872 | D:2      | Reached XP level 5. HP: 48/50 MP: 4/4
  1104 | D:2      | Found a sparkling altar of Nemelex Xobeh.
  1240 | D:2      | Found an ancient bone altar of Kikubaaqudgha.
  1304 | D:3      | Reached XP level 6. HP: 44/57 MP: 5/5
  1762 | D:3      | Found a shimmering altar of Xom.
  1762 | D:3      | Found a shimmering altar of Xom.
  2239 | D:4      | Noticed Menkaure
  2247 | D:4      | Killed Menkaure
  2247 | D:4      | Reached XP level 7. HP: 23/64 MP: 6/6
  2694 | D:5      | Entered Level 5 of the Dungeon
  2738 | D:5      | Reached *** piety under Trog
  2738 | D:5      | Reached skill level 5 in Armour
  2767 | D:5      | Got a scorched scale mail
  2782 | D:5      | Identified the +1 scale mail of Tempters {*Corrode rPois MR- Str+10} (You found it on level 5 of the Dungeon)
  3014 | D:5      | Noticed Blork the orc
  3024 | D:5      | Killed Blork the orc
  3024 | D:5      | Reached XP level 8. HP: 65/71 MP: 7/7
  3068 | D:5      | Found a glowing golden altar of the Shining One.
  3132 | D:5      | Found a staircase to the Ecumenical Temple.
  3454 | D:6      | Noticed Grinder
  3464 | D:6      | Killed Grinder
  3464 | D:6      | Reached skill level 10 in Long Blades
  3561 | D:6      | Found a stormy altar of Qazlal.
  3865 | D:6      | Reached XP level 9. HP: 78/78 MP: 8/8
  3875 | D:6      | Reached **** piety under Trog
  4004 | D:6      | Found a basalt altar of Yredelemnul.
  4143 | D:6      | Upgraded the game from 0.21-b1-23-g1fb0a74c36 to 0.21.0
  4252 | D:7      | Received a gift from Trog
  4427 | D:7      | Found a bloodstained altar of Trog.
  5156 | D:8      | Reached XP level 10. HP: 93/93 MP: 9/9
  5245 | D:8      | Reached skill level 10 in Fighting
  5379 | D:8      | Reached ***** piety under Trog
  5931 | D:9      | Noticed Meriano's ghost (novice HuCj)
  5939 | D:9      | Killed Meriano's ghost
  6021 | D:9      | Received a gift from Trog
  6361 | D:9      | Found a glowing silver altar of Zin.
  6361 | D:9      | Found a shattered altar of Ashenzari.
  6417 | D:10     | Entered Level 10 of the Dungeon
  6685 | D:10     | Reached XP level 11. HP: 77/104 MP: 10/10
  6899 | D:10     | Found a staircase to the Lair.
  7126 | D:11     | Killed an unseen horror
  7142 | D:11     | Reached skill level 15 in Long Blades
  7238 | D:11     | Noticed Maurice
  7262 | D:11     | Killed Maurice
  7406 | D:11     | Received a gift from Trog
  7806 | D:11     | Noticed a purple ugly thing
  7816 | D:11     | Killed a purple ugly thing
  7840 | D:11     | Noticed a skeletal warrior
  7841 | D:11     | Noticed a skeletal warrior
  7855 | D:11     | Killed a skeletal warrior
  7863 | D:11     | Killed a skeletal warrior
  7900 | D:11     | Noticed a skeletal warrior
  7920 | D:11     | Killed a skeletal warrior
  7954 | D:11     | Reached XP level 12. HP: 118/118 MP: 11/11
  8318 | D:12     | Noticed Urug
  8326 | D:12     | Killed Urug
  8348 | D:12     | Reached skill level 15 in Fighting
  8685 | D:12     | Noticed Nessos
  8691 | D:12     | Killed Nessos
  8740 | D:12     | Noticed a centaur warrior
  8761 | D:12     | Killed a centaur warrior
  8792 | D:12     | Noticed Nergalle
  8793 | D:12     | Noticed a yaktaur captain
  8793 | D:12     | Noticed a storm dragon
  8803 | D:12     | Killed a storm dragon
  8804 | D:12     | Noticed a vampire knight
  8808 | D:12     | Noticed a four-headed hydra
  8809 | D:12     | Killed Nergalle
  8813 | D:12     | Killed a yaktaur captain
  8815 | D:12     | Killed a four-headed hydra
  8816 | D:12     | Noticed a stone giant
  9036 | D:12     | Killed a stone giant
  9227 | D:12     | Killed a vampire knight
  9227 | D:12     | Reached XP level 13. HP: 100/130 MP: 12/12
  9233 | D:12     | Found a staircase to the Orcish Mines.
  9239 | D:12     | Found Zeoheul's Weapon Shoppe.
  9245 | D:12     | Received a gift from Trog
  9276 | D:12     | Got an ivory falchion {slice}
  9466 | D:12     | Got a vibrating bronze ring
  9544 | D:12     | Identified the cursed ring of Reimbursement {rPois rN+ Str+4 Slay-4} (You took it off an orc on level 12 of the Dungeon)
  9955 | Lair:1   | Entered Level 1 of the Lair of Beasts
  9960 | Lair:1   | Noticed Grum
  9966 | Lair:1   | Reached skill level 1 in Maces & Flails
  9975 | Lair:1   | Killed Grum
 10121 | Lair:1   | Noticed Fannar
 10137 | Lair:1   | Killed Fannar
 10182 | Lair:1   | Reached skill level 5 in Maces & Flails
 10187 | Lair:1   | Found a dark tunnel.
 10232 | Volcano  | Entered a volcano
 10557 | Lair:1   | Identified the cursed +0 falchion "Gotarphu" {slice, Dex+4} (You took it off an orc on level 12 of the Dungeon)
 10572 | Lair:1   | Identified a +1 pair of boots of running (You found it in a volcano)
 11095 | Lair:2   | Noticed Erica
 11115 | Lair:2   | Killed Erica
 11197 | Lair:2   | Found a hole to the Spider Nest.
 12048 | Lair:3   | Reached skill level 5 in Dodging
 12125 | Lair:3   | Reached skill level 10 in Armour
 12921 | Lair:4   | Found a staircase to the Shoals.
 12992 | Lair:4   | Found a frozen archway.
 13031 | IceCv    | Entered an ice cave
 13084 | IceCv    | Reached XP level 14. HP: 117/138 MP: 4/13
 13128 | IceCv    | Received a gift from Trog
 13620 | IceCv    | Noticed a frost giant
 13640 | IceCv    | Killed a frost giant
 14839 | Lair:5   | Found a staircase to the Slime Pits.
 15344 | Lair:5   | Identified a scroll of acquirement
 15915 | Lair:6   | Entered Level 6 of the Lair of Beasts
 16092 | Lair:6   | Received a gift from Trog
 16769 | Lair:6   | Identified the Guide on Assistive Calling
 16855 | Lair:6   | Reached XP level 15. HP: 89/145 MP: 14/14
 17477 | Orc:1    | Entered Level 1 of the Orcish Mines
 17588 | Orc:2    | Entered Level 2 of the Orcish Mines
 17597 | Orc:2    | Found a staircase to the Elven Halls.
 18149 | Orc:2    | Received a gift from Trog
 18426 | Orc:2    | Found a radiant altar of Vehumet.
 18461 | Orc:2    | Reached skill level 15 in Armour
 18722 | Orc:2    | Found Ycicarayn's Gadget Boutique.
 18751 | Orc:2    | Found an ancient bone altar of Kikubaaqudgha.
 18755 | Orc:2    | Found a roughly hewn altar of Beogh.
 18755 | Orc:2    | Found Pirutah's Magic Scroll Shop.
 18756 | Orc:2    | Found Lotrehom's Antique Weapon Boutique.
 18853 | Orc:2    | Bought a scroll of blinking for 105 gold pieces
 18853 | Orc:2    | Bought a scroll of identify for 28 gold pieces
 18853 | Orc:2    | Bought a scroll of identify for 28 gold pieces
 18853 | Orc:2    | Bought a scroll of identify for 28 gold pieces
 18853 | Orc:2    | Bought a scroll of identify for 28 gold pieces
 19174 | Orc:2    | Found Pucyhy's Book Boutique.
 19469 | D:13     | Found a gate to the Vaults.
 19472 | D:13     | Received a gift from Trog
 19945 | D:13     | Noticed Frances
 19957 | D:13     | Killed Frances
 20462 | D:13     | Reached skill level 1 in Shields
 20480 | D:13     | Reached skill level 2 in Shields
 20658 | D:14     | Reached skill level 3 in Shields
 20688 | D:14     | Reached skill level 4 in Shields
 20702 | D:14     | Received a gift from Trog
 20855 | D:14     | Reached skill level 5 in Shields
 21199 | D:14     | Reached ****** piety under Trog
 21339 | D:14     | Reached skill level 6 in Shields
 21341 | D:14     | Paralysed by a hornet for 3 turns
 21742 | D:14     | Reached skill level 7 in Shields
 21778 | D:14     | Found Witiotaf's Assorted Antiques.
 22124 | D:14     | Reached skill level 8 in Shields
 22138 | D:14     | Reached XP level 16. HP: 27/155 MP: 5/15
 22141 | D:14     | Reached skill level 9 in Shields
 22418 | D:14     | Identified the Papyrus of Flamy Ice
 22510 | D:15     | Entered Level 15 of the Dungeon
 22623 | D:15     | Reached skill level 10 in Shields
 22657 | D:15     | Received a gift from Trog
 22725 | D:15     | Reached skill level 11 in Shields
 22920 | D:15     | Found a staircase to the Depths.
 23069 | D:15     | Found a glowing silver altar of Zin.
 23216 | D:15     | Reached skill level 12 in Shields
 23424 | D:15     | Noticed Kirke
 23433 | D:15     | Killed Kirke
 23959 | D:15     | Noticed Rupert
 23974 | D:15     | Killed Rupert
 23974 | D:15     | Reached skill level 13 in Shields
 24306 | Shoals:1 | Entered Level 1 of the Shoals
 24306 | Shoals:1 | Noticed Nikola
 24318 | Shoals:1 | Killed Nikola
 24387 | Shoals:2 | Reached skill level 14 in Shields
 24556 | Shoals:3 | Received a gift from Trog
 24574 | Shoals:4 | Entered Level 4 of the Shoals
 24574 | Shoals:4 | Found Lopuwaan's Gadget Emporium.
 25604 | Shoals:4 | Bought a wand of digging (14) for 540 gold pieces
 25611 | Shoals:4 | Found Juzung's Magic Scroll Shoppe.
 25634 | Shoals:4 | Reached skill level 15 in Shields
 25779 | Shoals:4 | Bought a scroll of teleportation for 42 gold pieces
 25779 | Shoals:4 | Bought a scroll of blinking for 105 gold pieces
 25779 | Shoals:4 | Bought a scroll of blinking for 105 gold pieces
 25779 | Shoals:4 | Bought a scroll of enchant weapon for 105 gold pieces
 25779 | Shoals:4 | Bought a scroll of enchant armour for 105 gold pieces
 25944 | Shoals:4 | Reached XP level 17. HP: 116/161 MP: 5/16
 26148 | Shoals:4 | Reached skill level 16 in Shields
 26252 | Shoals:4 | Got a barnacled rune of Zot
 26303 | Shoals:4 | Received a gift from Trog
 26311 | Shoals:4 | Found Fithuibae's Assorted Antiques.
 26328 | Shoals:4 | Bought a scroll labeled ATALIP MYCVE for 43 gold pieces
 26328 | Shoals:4 | Bought a scroll of identify for 86 gold pieces
 26328 | Shoals:4 | Bought a scroll of enchant armour for 322 gold pieces
 26328 | Shoals:4 | Bought a scroll of remove curse for 129 gold pieces
 26505 | Spider:1 | Entered Level 1 of the Spider Nest
 27272 | Spider:1 | Reached skill level 17 in Shields
 27463 | Spider:2 | Noticed Jorgrun
 27477 | Spider:2 | Killed Jorgrun
 28401 | Spider:2 | Received a gift from Trog
 28444 | Spider:2 | Noticed Agnes
 28454 | Spider:2 | Killed Agnes
 28454 | Spider:2 | Reached skill level 18 in Shields
 28864 | Spider:3 | Received a gift from Trog
 29047 | Spider:4 | Entered Level 4 of the Spider Nest
 29049 | Spider:4 | Noticed Arachne
 29052 | Spider:4 | Reached skill level 19 in Shields
 29089 | Spider:4 | Killed Arachne
 30770 | Spider:4 | Received a gift from Trog
 30828 | Spider:4 | Reached XP level 18. HP: 135/170 MP: 5/17
 30852 | Spider:4 | Reached skill level 20 in Shields
 31512 | Spider:4 | Got a gossamer rune of Zot
 31916 | Vaults:1 | Entered Level 1 of the Vaults
 32087 | Vaults:1 | Reached skill level 21 in Shields
 32098 | Vaults:1 | Received a gift from Trog
 32142 | Vaults:1 | Found Xonuxoshre's Book Emporium.
 32812 | Vaults:1 | Paralysed by an orc sorcerer for 7 turns
 33265 | Vaults:2 | Noticed Bai Suzhen
 33288 | Vaults:2 | Killed Bai Suzhen
 33293 | Vaults:2 | Received a gift from Trog
 33869 | Vaults:2 | Found Dumuttug's Weapon Emporium.
 33885 | Vaults:2 | Bought the +8 autumn katana {slice, Clar} for 926 gold pieces
 33885 | Vaults:2 | Found the +8 autumn katana {slice, Clar}
 34395 | Vaults:3 | Received a gift from Trog
 34399 | Vaults:3 | Demolished by a vault warden

Skill      XL: |  1  2  3  4  5  6  7  8  9 10 11 12 13 14 15 16 17 18 |
---------------+-------------------------------------------------------+-----
Fighting       | 4 6 9 12 14 16 17 18 | 18.2
Long Blades    | 4 6 7 8 10 12 14 15 17 18 19 20 | 20.0
Armour         | 4 6 8 11 14 15 16 | 16.8
Maces & Flails | 7 |  7.0
Dodging        | 6 |  6.3
Shields        | 8 15 19 21 | 21.6

Action                   |  1- 3 |  4- 6 |  7- 9 | 10-12 | 13-15 | 16-18 || total
-------------------------+-------+-------+-------+-------+-------+-------++-------
Melee: Falchion          |    31 |   127 |    92 |       |       |       ||   250
       Headbutt          |     8 |    22 |    61 |   134 |   340 |   466 ||  1031
       Scimitar          |       |       |   178 |   346 |       |       ||   524
       Great sword       |       |       |       |   135 |   490 |       ||   625
       Demon blade       |       |       |       |       |   705 |  1576 ||  2281
       Morningstar       |       |       |       |       |     5 |       ||     5
       Katana            |       |       |       |       |       |    50 ||    50
Invok: Berserk           |     2 |     2 |     5 |     5 |     7 |       ||    21
       Trog's Hand       |     1 |     1 |     2 |     3 |     8 |     4 ||    19
       Brothers in Arms  |       |       |       |     1 |     1 |     1 ||     3
  Use: Scroll            |       |       |    14 |     5 |    13 |    16 ||    48
       Potion            |       |       |       |       |     1 |     4 ||     5
 Stab: Petrified         |       |       |       |       |       |     7 ||     7
       Held in net/web   |       |       |       |       |       |     1 ||     1
  Eat: Chunk             |     1 |     6 |    13 |    25 |    34 |    22 ||   101
       Ration            |       |       |     1 |       |     5 |     6 ||    12
Armor: Animal skin       |     3 |       |       |       |       |       ||     3
       Ring mail         |     3 |     5 |       |       |       |       ||     8
       Plate armour      |       |    82 |   145 |   263 |     5 |       ||   495
       Storm dragon scal |       |       |       |       |   522 |   380 ||   902
Dodge: Dodged            |    30 |    54 |   114 |   201 |   800 |   346 ||  1545
       Deflected         |       |       |       |       |    19 |    30 ||    49
Block: Other             |       |       |       |       |    64 |       ||    64
       Buckler           |       |       |       |       |    21 |    12 ||    33
       Large shield      |       |       |       |       |       |  1262 ||  1262
       Rpst.: Falchion   |     5 |    15 |     7 |       |       |       ||    27
       Scimitar          |       |       |    24 |    33 |       |       ||    57
       Great sword       |       |       |       |    13 |    69 |       ||    82
       Demon blade       |       |       |       |       |   105 |    82 ||   187
       Katana            |       |       |       |       |       |     1 ||     1
